 Dungeon Crawl Stone Soup version 0.21.1-1-g345015f (webtiles) character file.

119 goulibeur the Unweaver (level 4, -1/36 HPs)
             Began as a Demonspawn Abyssal Knight on July 8, 2018.
             Was a Follower of Lugonu.
             Slain by an adder (3 damage)
             ... on level 2 of the Dungeon.
             The game lasted 00:08:35 (2565 turns).

goulibeur the Unweaver (Demonspawn Abyssal Knight)  Turns: 2565, Time: 00:08:37

Health: -1/36      AC: 11    Str: 12    XL:     4   Next: 74%
Magic:  7/7        EV:  2    Int: 14    God:    Lugonu [*.....]
Gold:   46         SH:  0    Dex: 13    Spells: 3/3 levels left

rFire    . . .     SeeInvis .   l - +1 flail (drain)
rCold    . . .     Gourm    .   (no shield)
rNeg     . . .     Faith    .   f - +0 plate armour
rPois    .         Spirit   .   (no helmet)
rElec    .         Reflect  .   (no cloak)
rCorr    .         Harm     .   m - +0 pair of gloves
MR       .....                  (no boots)
Stlth    ..........             (no amulet)
HPRegen  0.12/turn              (no ring)
MPRegen  0.10/turn              (no ring)

@: lethally poisoned (-1 -> -6), heavily drained
A: claws 1, nightstalker 2
a: Depart the Abyss, Renounce Religion


You were on level 2 of the Dungeon.
You worshipped Lugonu.
Lugonu was aware of your devotion.
You were near starving.

You visited 1 branch of the dungeon, and saw 2 of its levels.
You visited the Abyss 1 time.

You collected 46 gold pieces.

Inventory:

Hand Weapons
 a - a +1 short sword
 l - a +1 flail of draining (weapon)
Armour
 b - a +0 leather armour
 f - a +0 plate armour (worn)
 m - a +0 pair of gloves (worn)
Scrolls
 d - 2 scrolls of identify {unknown}
 h - 2 scrolls of remove curse {unknown}
 j - 2 scrolls of enchant weapon {unknown}
Potions
 e - a potion of might {unknown}
 i - 2 potions of haste {unknown}
 k - a potion of curing {unknown}
 n - a potion of heal wounds {unknown}
Comestibles
 c - 5 rations


   Skills:
 + Level 3.6(0.9) Fighting
 - Level 1.7(0.0) Short Blades
 + Level 2.5(0.0) Armour
 + Level 1.9(0.0) Dodging
 * Level 4.5(1.8) Invocations


You had 3 spell levels left.
You didn't know any spells.

Dungeon Overview and Level Annotations

Branches:
Dungeon (2/15)

Altars:
Cheibriados
Gozag
Uskayaw


Innate Abilities, Weirdness & Mutations

You have sharp fingernails.
You are significantly more attuned to the shadows.


Message History

Your plate armour prevents you from hitting the adder.
The adder is severely wounded.
* * * LOW HITPOINT WARNING * * *
You feel sick. The adder barely misses you.
The adder bites you but does no damage.
You hit the adder.
The adder is severely wounded.
* * * LOW HITPOINT WARNING * * *
You feel sick. The adder bites you but does no damage.
You miss the adder.
The adder is severely wounded.
* * * LOW HITPOINT WARNING * * *
You feel sick. The adder bites you.
* * * LOW HITPOINT WARNING * * *
The adder bites you but does no damage.
You closely miss the adder.
The adder is severely wounded.
* * * LOW HITPOINT WARNING * * *
You feel sick. The adder bites you.
You die...

##.###.#.# #.........#
#..# #.# #.#.#
#.........# ..#
#.###.#'######.........#
#............#.........#
#######..)....#.........#
...# #.......'...####'##
##.# #...(...#...# #.#
#.# #.......##'## #.# #.#
#.......##@#####'## #.#
##########S##.....# #.#
?...wS.......# ##'####
.............# ......#
w....)..###'######
......#
........#........#####
......#
........#........'....
......# #........#####
).....# #........#


You could see an adder, a dart slug and a ball python.

Vanquished Creatures
  An orc wizard (D:2)
  3 adders (D:2)
  An ooze (D:2)
  2 worms (D:2)
  2 dart slugs (D:1)
  2 orcs (D:2)
  A ball python (D:1)
  7 bats
  3 giant cockroaches
  7 goblins
  6 hobgoblins
  A jackal (D:2)
  5 frilled lizards
  2 kobolds
  6 rats
49 creatures vanquished.

Notes
Turn   | Place    | Note
-------+----------+-------------------------------------------
     0 | Abyss:1  | goulibeur the Demonspawn Abyssal Knight began the quest for the Orb.
     0 | Abyss:1  | Reached XP level 1. HP: 18/18 MP: 2/2
    35 | Abyss:1  | Noticed a worldbinder
    35 | D:1      | Escaped the Abyss
   168 | D:1      | Reached skill level 1 in Dodging
   305 | D:1      | Reached * piety under Lugonu
   335 | D:1      | Reached skill level 3 in Invocations
   335 | D:1      | Gained mutation: You are slightly more attuned to the shadows. [demonic ancestry]
   335 | D:1      | Reached XP level 2. HP: 24/24 MP: 2/4
   806 | D:2      | Found a snail-covered altar of Cheibriados.
   889 | D:2      | Gained mutation: You have sharp fingernails. [demonic ancestry]
   889 | D:2      | Reached XP level 3. HP: 12/29 MP: 5/5
  1304 | D:2      | Reached skill level 4 in Invocations
  1355 | D:2      | Gained mutation: You are significantly more attuned to the shadows. [demonic ancestry]
  1355 | D:2      | Reached XP level 4. HP: 22/35 MP: 7/7
  1567 | D:2      | Found an opulent altar of Gozag.
  1567 | D:2      | Found a hide-covered altar of Uskayaw.
  2565 | D:2      | Slain by an adder

Skill      XL: |  1  2  3 |
---------------+----------+-----
Dodging        | 1 |  1.9
Invocations    | 3 4 |  4.5
Armour         | 2 |  2.5
Fighting       | |  3.6
Short Blades   | |  1.7

Action                   |  1- 3 |  4- 6 || total
-------------------------+-------+-------++-------
Melee: Short sword       |   112 |       ||   112
       Flail             |    19 |   119 ||   138
Invok: Depart the Abyss  |     1 |       ||     1
  Eat: Chunk             |     2 |     2 ||     4
Armor: Plate armour      |    82 |   136 ||   218
Dodge: Dodged            |    23 |    23 ||    46
